 Dungeon Crawl Stone Soup version 0.30-a0-802-gb92711bcdf (webtiles) character file.

Game seed: 15067188020781700768

829 bande the Chopper (level 7, 0/44 HPs)
             Began as a Gargoyle Fighter on Feb 24, 2023.
             Was an Initiate of Okawaru.
             Slain by a gnoll
             ... wielding a +0 halberd
             ... led by a gnoll sergeant
              (6 damage)
             ... on level 5 of the Dungeon.
             The game lasted 00:05:34 (4207 turns).

bande the Chopper (Gargoyle Fighter)                Turns: 4207, Time: 00:05:35

Health: 0/44       AC: 12    Str: 20    XL:     7   Next: 97%
Magic:  7/7        EV:  9    Int:  8    God:    Okawaru [......]
Gold:   199        SH:  4    Dex: 11    Spells: 4/6 levels left

rFire   . . .      SeeInvis .    a - +0 war axe
rCold   . . .      Faith    .    c - +0 buckler
rNeg    + . .      Spirit   .    b - +0 scale mail
rPois   ∞          Reflect  .    (no helmet)
rElec   +          Harm     .    (no cloak)
rCorr   .          Rampage  .    (no gloves)
Will    .....                    (no boots) Stlth
                                 (no amulet)
HPRegen 0.27/turn                (no ring)
MPRegen 0.10/turn                (no ring)

@: no status effects
A: sickness immunity, AC +4, negative energy resistance 1, electricity
resistance, torment resistance 1, petrification resistance
a: Renounce Religion


You were on level 5 of the Dungeon.
You worshipped Okawaru.
Okawaru was noncommittal.
You visited 2 branches of the dungeon, and saw 6 of its levels.

You collected 199 gold pieces.

Inventory:

Hand Weapons
 a - a +0 war axe (weapon)
 q - a +0 war axe
 u - a +0 flail
Armour
 b - a +0 scale mail (worn)
 c - a +0 buckler (worn)
Jewellery
 v - a ring of flight
Wands
 l - a wand of roots (2)
 t - a wand of flame (1)
 y - a wand of polymorph (10)
Scrolls
 e - 2 scrolls of brand weapon {unknown}
 f - 10 scrolls of identify {unknown}
 h - 2 scrolls of poison {unknown}
 i - 2 scrolls of acquirement {unknown}
 m - 2 scrolls of enchant weapon {unknown}
 o - a scroll of silence {unknown}
 p - 3 scrolls of fog {unknown}
 s - a scroll of vulnerability {unknown}
 w - a scroll of noise {unknown}
 x - 2 scrolls of magic mapping {unknown}
Potions
 d - 2 potions of might
 g - 2 potions of brilliance {unknown}
 j - a potion of lignification {unknown}
 k - 2 potions of curing {unknown}
 n - a potion of degeneration {unknown}
 r - a potion of attraction {unknown}
 z - 2 potions of heal wounds {unknown}


   Skills:
 + Level 4.5 Fighting
 + Level 5.3 Axes
 + Level 4.6 Armour
 + Level 4.2 Shields
 * Level 2.5 Translocations
 * Level 1.0 Invocations
 * Level 2.3 Evocations


You had 4 spell levels left.
You knew the following spells:

 Your Spells              Type           Power      Damage    Failure   Level
a - Blink                 Tloc           8%         N/A       63%         2

Your spell library contained the following spells:

 Spells                   Type           Power      Damage    Failure   Level
 Lesser Beckoning         Tloc           8%         N/A       63%         2
 Momentum Strike          Conj/Tloc      4%         3d8       80%         2
 Vhi's Electric Charge    Tloc/Air       4%         N/A       95%         3
 Kindle Blastsparks       Fire/Tloc/Air  2%         2d10      97%         3
 Dazzling Flash           Conj/Hex       0%         N/A       99%         3
 Ignite Poison            Fire/Tmut/Pois 0%         N/A       99%         3
 Manifold Assault         Tloc           4%         N/A       99%         4
 Agony                    Necr           0%         N/A       100%        5
 Arcjolt                  Conj/Air       0%         1d10      100%        5
 Borgnjor's Vile Clutch   Necr/Erth      0%         N/A       100%        5
 Freezing Cloud           Conj/Ice/Air   0%         6-21      100%        5
 Silence                  Hex/Air        0%         N/A       100%        5
 Storm Form               Tmut/Air       0%         N/A       100%        7
 Maxwell's Capacitive Co  Air            0%         ∞         100%        8
 Animate Dead             Necr           Unusable   N/A       N/A         4
 Death Channel            Necr           Unusable   N/A       N/A         6

Dungeon Overview and Level Annotations

Branches:
Dungeon (5/15)             Temple (1/1) D:5

Altars:
Ashenzari
Cheibriados
Dithmenos
Hepliaklqana
Makhleb
Nemelex Xobeh
Okawaru
Sif Muna
Uskayaw
Wu Jian
Xom


Innate Abilities, Weirdness & Mutations

You are immune to sickness and miasma.
Your stone body is resilient. (AC +4)
You are immune to poison.
You resist negative energy. (rN+)
You are resistant to electric shocks. (rElec)
You are resistant to unholy torment.
You are immune to petrification.


Message History

The gnoll sergeant hits the plant with a +1 spear of venom!
The gnoll hits the plant with a +0 spear.
You slash the gnoll!
You kill the gnoll!
Okawaru accepts your kill.
A nearby plant withers and dies. x2
The gnoll hits the plant with a +0 halberd!
The plant begins to die.
The gnoll hits you but does no damage.
A nearby plant withers and dies.
The gnoll hits you but does no damage. x2
The gnoll barely misses you.
You hit the gnoll sergeant.
The gnoll sergeant is moderately wounded.
You closely miss the gnoll. The gnoll closely misses you.
The gnoll sergeant hits you but does no damage.
The gnoll hits you from afar with a +0 spear.
The gnoll hits the plant with a +0 halberd.
The plant begins to die.
You hit the gnoll sergeant.
The gnoll sergeant is moderately wounded.
You barely miss the gnoll bouda. The gnoll hits you but does no damage.
The gnoll hits you from afar with a +0 halberd.
The gnoll sergeant barely misses you. The gnoll hits you but does no damage.
The gnoll hits the plant with a +0 halberd!
You block the gnoll's attack. The gnoll bouda barely misses you.
You completely miss the gnoll sergeant.
The gnoll sergeant is moderately wounded.
You hit the gnoll bouda but do no damage.
A nearby plant withers and dies.
The gnoll sergeant hits you with a +1 spear of venom.
The gnoll hits you from afar with a +0 halberd!
* * * LOW HITPOINT WARNING * * *
The gnoll hits you from afar with a +0 spear.
* * * LOW HITPOINT WARNING * * *
The gnoll hits the plant with a +0 halberd!
The gnoll barely misses you. The gnoll bouda closely misses you.
The gnoll closely misses you.
The gnoll sergeant hits you with a +1 spear of venom.
* * * LOW HITPOINT WARNING * * *
The gnoll hits you from afar with a +0 halberd.
You die...

≈≈≈≈≈≈≈≈≈#.###
≈#####≈≈≈#.[.#
##...#≈≈≈#.#.#
...>.#≈≈≈#.#.#
##...#≈≈≈#.#.##
≈#####≈≈≈#....########
≈≈≈≈≈≈≈≈≈#...........# #
≈≈≈≈≈≈≈≈≈#........##...#
≈≈≈≈≈≈≈≈≈#...!.)@g.....#
##########......g..PP..#
.# ...###.Pggg.PP.# .#
###. #.Pg....P.# .# #.
#.P.......# .#
.......PP.# .#
.#.PP..PPP.# ##
.....PPP.P..#


You could see a gnoll sergeant (swift), a gnoll bouda and 4 gnolls.

Vanquished Creatures
  Sigmund (D:3)
  A water moccasin (D:5)
  A sky beast (D:5)
  A phantom (D:4)
  A necrophage (D:5)
  A scorpion (D:5)
  3 hounds
  An iguana (D:4)
  An orc wizard (D:3)
  An adder (D:3)
  A gnoll (D:5)
  A white imp (D:5)
  An ufetubus (D:5)
  A worm (D:2)
  2 dart slugs
  20 orcs
  3 ball pythons
  5 endoplasms
  2 giant cockroaches
  7 hobgoblins
  4 jackals (D:3)
  5 kobolds
  2 quokkas
  7 bats
  4 frilled lizards
  10 goblins
  7 rats
94 creatures vanquished.

Vanquished Creatures (others)
  4 plants (D:5)
4 creatures vanquished.

Grand Total: 98 creatures vanquished

Notes
Turn   | Place    | Note
-------+----------+-------------------------------------------
     0 | D:1      | bande the Gargoyle Fighter began the quest for the Orb.
     0 | D:1      | Reached XP level 1. HP: 14/14 MP: 1/1
   185 | D:1      | Reached XP level 2. HP: 19/19 MP: 2/2
   451 | D:1      | Reached skill level 2 in Axes
   727 | D:1      | Reached XP level 3. HP: 23/23 MP: 3/3
  1006 | D:2      | Learned a level 2 spell: Blink
  1101 | D:2      | Reached XP level 4. HP: 15/29 MP: 4/4
  1639 | D:2      | Found a shimmering altar of Xom.
  1950 | D:3      | You fall into a shaft and drop 1 floor!
  2035 | D:3      | Reached skill level 3 in Axes
  2108 | D:3      | Noticed Sigmund
  2117 | D:3      | Killed Sigmund
  2118 | D:3      | Reached skill level 1 in Translocations
  2118 | D:3      | Reached skill level 1 in Evocations
  2118 | D:3      | Reached XP level 5. HP: 3/33 MP: 5/5
  2118 | D:3      | Reached XP level 6. HP: 3/38 MP: 6/6
  2366 | D:3      | Reached skill level 4 in Axes
  3062 | D:4      | Found a sparkling altar of Nemelex Xobeh.
  3421 | D:4      | Reached XP level 7. HP: 31/43 MP: 7/7
  3785 | D:5      | Entered Level 5 of the Dungeon
  3974 | D:5      | Reached skill level 5 in Axes
  3995 | D:5      | Found a staircase to the Ecumenical Temple.
  4005 | Temple   | Entered the Ecumenical Temple
  4016 | Temple   | Became a worshipper of Warmaster Okawaru
  4074 | D:5      | Reached skill level 1 in Invocations
  4207 | D:5      | Slain by a gnoll

Illustrated notes

Levels and vault maps discovered:
D:1:      heliophobic_arrival_glass_houses, layout_loops_corners
D:2:      layout_basic, basic_altar
D:3:      layout_rooms, dk_noncrumbling_2, uniq_sigmund
D:4:      layout_gridville, mainiacjoe_overflow_brackets
D:5:      layout_rooms, minmay_temple_entry_poolview, nicolae_grassy_gnolls
Temple:   nicolae_temple_bog_church

Skill      XL: |  1  2  3  4  5  6  7 |
---------------+----------------------+-----
Axes           | 2 3 4 5 |  5.3
Fighting       | 4 |  4.5
Armour         | 4 |  4.6
Translocations | 1 2 |  2.5
Evocations     | 1 2 |  2.3
Shields        | 4 |  4.2
Invocations    | 1 |  1.0

Action                     |  1- 3 |  4- 6 |  7- 9 || total
---------------------------+-------+-------+-------++-------
  Melee: War axe           |    66 |   151 |    63 ||   280
    Use: Potion            |       |     1 |       ||     1
 Armour: Scale mail        |    42 |    89 |    47 ||   178
  Dodge: Dodged            |    35 |    87 |    39 ||   161
  Block: Buckler           |    22 |    28 |    14 ||    64

Table legend: (Time is in decaauts)
 A = Elapsed time spent in this place.
 B = Non-inter-level travel time spent in this place.
 C = Inter-level travel time spent in this place.
 D = Time resting spent in this place.
 E = Time spent auto-exploring this place.
 F = Levels seen in this place.
 G = Mean time per level.
                   A        B        C        D        E       F      G
               +--------+--------+--------+--------+--------+-----+--------+
         Total |   4310 |   4186 |    124 |    387 |   2972 |   6 |  718.3 |
       Dungeon |   4282 |   4158 |    124 |    387 |   2969 |   5 |  856.4 |
        Temple |     28 |     28 |      0 |      0 |      3 |   1 |   28.0 |
               +--------+--------+--------+--------+--------+-----+--------+

Top non-repeatable levels by time:
     D:4: 1100 daAuts
     D:1: 979 daAuts
     D:2: 894 daAuts
     D:3: 893 daAuts
     D:5: 413 daAuts
  Temple: 28 daAuts
